 Dungeon Crawl Stone Soup version 0.30-a0-996-ga6910c8ee8 (webtiles) character file.

Game seed: 3642688365775689568

68484 Maxmaps the Slicer (level 14, -20/110 HPs)
             Began as a Demonspawn Monk on Apr 5, 2023.
             Was an Initiate of Gozag.
             Demolished by Rupert
             ... wielding a +2 triple sword of holy wrath
              (34 damage)
             ... on level 2 of the Orcish Mines.
             The game lasted 00:39:48 (24107 turns).

Maxmaps the Slicer (Demonspawn Monk)               Turns: 24107, Time: 00:39:49

Health: -20/110    AC: 16    Str: 10    XL:     14   Next: 86%
Magic:  14/14      EV: 20    Int: 22    God:    Gozag
Gold:   3851       SH: 16    Dex: 19    Spells: 13/13 levels left

rFire   + . .      SeeInvis .    K - +9 rapier of Fyock {flame, rC+ rN+ Str-2 Int+3}
rCold   + . .      Faith    .    l - +3 kite shield of Hangman {Dex+2}
rNeg    + . .      Spirit   .    P - +0 acid dragon scales
rPois   .          Reflect  .    (helmet restricted)
rElec   .          Rampage  .    o - +1 cloak {Stlth+}
rCorr   +                        M - +0 pair of gloves
Will    ++...                    t - +2 pair of boots
Stlth   +++                      p - amulet of magic regeneration
HPRegen 0.38/turn                I - ring of protection from fire
MPRegen 0.54/turn                N - +5 ring of evasion

@: mighty
A: horns 2, powered by death 2, powered by pain 2, big brain 2, demonic
willpower
a: Renounce Religion, Potion Petition, Call Merchant, Bribe Branch


You were on level 2 of the Orcish Mines.
You worshipped Gozag.
Gozag was most pleased with you.
You visited 4 branches of the dungeon, and saw 20 of its levels.
You also visited: Ossuary and Volcano.

You collected 6101 gold pieces.
You spent 765 gold pieces at shops.
You paid 1485 gold pieces to Gozag.

Inventory:

Hand Weapons
 C - a +4 scimitar of flaming
 K - the +9 rapier of Fyock (weapon) {flame, rC+ rN+ Str-2 Int+3}
   (You found it on level 11 of the Dungeon)

   Str:       It affects your strength (-2).
   Int:       It affects your intelligence (+3).
   rC:        It protects you from cold.
   rN:        It protects you from negative energy.
Armour
 l - the +3 kite shield of Hangman (worn) {Dex+2}
   (You bought it in a shop on level 2 of the Lair of Beasts)

   Dex:       It affects your dexterity (+2).
 o - a +1 cloak of stealth (worn)
 t - a +2 pair of boots (worn)
 M - a +0 pair of gloves (worn)
 P - +0 acid dragon scales (worn)
Jewellery
 a - a ring of resist corrosion
 m - a ring of see invisible
 p - an amulet of magic regeneration (around neck)
 u - a ring of wizardry
 I - a ring of protection from fire (left hand)
 N - a +5 ring of evasion (right hand)
Wands
 k - a wand of iceblast (4)
 B - a wand of charming (29)
 D - a wand of light (21)
 H - a wand of digging (4)
 J - a wand of polymorph (7)
 Q - a wand of flame (20)
Scrolls
 c - 3 scrolls of poison
 n - 2 scrolls of torment
 q - 3 scrolls of fear
 s - 4 scrolls of enchant weapon
 v - 2 scrolls of brand weapon
 y - 2 scrolls of teleportation
 E - 4 scrolls of enchant armour
 G - 8 scrolls of identify
 L - 3 scrolls of fog
 O - 3 scrolls of amnesia
Potions
 b - 2 potions of ambrosia
 d - 3 potions of mutation
 f - 6 potions of lignification
 g - 2 potions of might
 h - 6 potions of heal wounds
 i - 2 potions of magic
 j - 7 potions of curing
 r - 2 potions of cancellation
 w - 5 potions of attraction
 x - 2 potions of degeneration
 z - 4 potions of haste
 A - 4 potions of flight
 F - 2 potions of resistance
 R - 3 potions of invisibility
 S - a potion of brilliance
Miscellaneous
 e - a phantom mirror


   Skills:
 - Level 10.3 Fighting
 - Level 14.0 Short Blades
 - Level 10.2 Armour
 - Level 8.3 Dodging
 - Level 1.7 Stealth
 + Level 10.9 Shields
 - Level 3.0 Unarmed Combat
 - Level 8.2 Evocations


You had 13 spell levels left.
You didn't know any spells.
Your spell library contained the following spells:

 Spells                   Type           Power      Damage    Failure   Level
 Shock                    Conj/Air       0%         1d3       45%         1
 Lesser Beckoning         Tloc           0%         N/A       61%         2
 Dazzling Flash           Conj/Hex       0%         N/A       83%         3
 Gell's Gravitas          Tloc           0%         N/A       83%         3
 Portal Projectile        Hex/Tloc       0%         N/A       83%         3
 Swiftness                Air            0%         N/A       83%         3
 Teleport Other           Tloc           0%         N/A       83%         3
 Tukima's Dance           Hex            0%         N/A       83%         3
 Airstrike                Air            0%         2d(0-16)  99%         4
 Anguish                  Hex/Necr       0%         N/A       99%         4
 Iskenderun's Mystic Bla  Conj/Tloc      0%         2d3       99%         4
 Manifold Assault         Tloc           0%         N/A       99%         4
 Olgreb's Toxic Radiance  Pois           0%         N/A       99%         4
 Blade Hands              Tmut           0%         N/A       100%        5
 Borgnjor's Vile Clutch   Necr/Erth      0%         N/A       100%        5
 Death Channel            Necr           0%         N/A       100%        6
 Dispersal                Tloc           0%         N/A       100%        6
 Starburst                Conj/Fire      0%         6d3       100%        6
 Enfeeble                 Hex            0%         N/A       100%        7
 Ozocubu's Refrigeration  Ice            0%         4d7       100%        7
 Disjunction              Tloc           0%         N/A       100%        8
 Ignition                 Fire           0%         3d3       100%        8
 Animate Dead             Necr           Unusable   N/A       N/A         4

Dungeon Overview and Level Annotations

Branches:
Dungeon (12/15)            Temple (1/1) D:7            Lair (5/5) D:11
  Swamp (0/4) Lair:3       Spider (0/4) Lair:2        Slime (0/5) Lair:5
    Orc (2/2) D:10        Ossuary (visited)         Volcano (visited)
    Elf: Orc:2

Altars:
Ashenzari
Cheibriados
Dithmenos
Fedhas
Gozag
Hepliaklqana
Kikubaaqudgha
Makhleb
Nemelex Xobeh
Okawaru
Qazlal
Ru
Sif Muna
Trog
Uskayaw
Vehumet
Wu Jian
Xom
Yredelemnul
Jiyva

Shops:
D:12 *   Lair:2 [*

Annotations:
Lair:4 3 runed translucent doors, Avaziugi's ghost, journeyman OpTm
Orc:2 Rupert


Innate Abilities, Weirdness & Mutations

You have a pair of horns on your head.
You regenerate health from kills.
You sometimes gain power by taking damage.
You have an extremely huge brain. (Int +4)
You punish those that try to bend your will. (Will+)


Message History

There are monsters nearby!
An orc warrior comes into view. It is wielding a +0 short sword.
There are monsters nearby!
An orc comes into view. It is wielding a +0 morningstar.
Found 43 gold pieces.
The orc shouts!
You puncture Rupert! You burn Rupert.
Rupert is lightly wounded.
Rupert roars wildly at you.
You are confused.
Unknown command.
The orc closely misses you. Rupert hits you but does no damage.
You bump into the rock wall.
The orc warrior barely misses you. The orc misses you.
Rupert roars madly and goes into a rage!
Rupert goes berserk!
An orc warlord comes into view. It is wielding a +0 dire flail.
You bump into the rock wall.
Rupert hits you with a +2 triple sword of holy wrath!
You convulse!
The orc warrior hits you with a +0 short sword.
The orc hits you but does no damage.
The orc warlord roars a battlecry!
The orcs go into a battle-frenzy!
The orc warrior attacks as you move away!
The orc warrior misses you.
Rupert hits you with a +2 triple sword of holy wrath!!
You focus on the pain.
You feel very mighty all of a sudden.
You convulse!!
* * * LOW HITPOINT WARNING * * *
Rupert barely misses you.
You are too confused!
Unknown command.
You feel better.
Rupert hits you with a +2 triple sword of holy wrath!!
* * * LOW HITPOINT WARNING * * *
You convulse!!
You die...
Your body crumbles into a pile of gold.

..## ........ ...#..
....$.. $ ...... ..$....
....o.##..... ...
............. ....
..........$ .....
......o.#.# ..... .
#.@o#.##.....
...#.@o.........
..........$.......# $ ..
..................##
........#.##......#....#
......#### #......#.#.#
.....##.####.........#
#.....#..#.#.........##
#.
........##...........##
...
#.....#.............##


You could see Rupert (berserk), an orc warlord, an orc warrior (strong) and 2
orcs.

Vanquished Creatures
  The ghost of LobsterGuardian the Gelid, an adept NaIE of Cheibriados (Lair:5)
  Snorg (D:9)
  A fire dragon (Lair:5)
  The ghost of Monkooky the Alchemist, a journeyman SpAr of Gozag (Orc:1)
  4 hydras
  A hydra (shapeshifter) (D:9)
  A catoblepas (Lair:5)
  An ice dragon (Lair:5)
  A dancing weapon (Orc:1)
  2 boulder beetles
  5 two-headed ogres
  The ghost of patfeehan111222 the Cleaver, a novice MiBe of Trog (D:9)
  6 death yaks
  Nergalle (Lair:3)
  A hell knight (Volcano)
  2 skysharks
  A lindwurm (Lair:5)
  2 bog bodies (Lair:3)
  An orc knight (Orc:1)
  A manticore (D:12)
  A deep elf pyromancer (Volcano)
  2 salamanders (Volcano)
  4 cyclopes
  6 elephants (Lair:5)
  Joseph (D:8)
  2 black mambas
  6 torpor snails (Lair:5)
  12 cane toads
  A gargoyle (Volcano)
  3 molten gargoyles (Volcano)
  Maggie (Lair:2)
  2 efreet (Volcano)
  6 rime drakes
  8 komodo dragons
  A kobold demonologist (D:12)
  3 trolls
  9 hornets
  4 polar bears
  4 tyrant leeches (Lair:5)
  22 blink frogs
  11 dream sheep
  2 shadows
  4 jumping spiders (Lair:2)
  2 wyverns
  A wraith (D:11)
  6 slime creatures (D:12)
  47 yaks
  4 basilisks
  3 vampires
  Grum (Lair:1)
  4 steam dragons
  A warg (Orc:1)
  4 vampire mosquitoes (D:12)
  An acid dragon (Lair:5)
  6 water moccasins
  A swamp drake (Lair:5)
  12 orc warriors
  3 ice beasts
  3 black bears
  2 sky beasts
  5 ogres
  20 wolves
  15 centaurs
  A phantom (D:2)
  An elf zombie (Ossuary)
  2 kobold brigands
  9 bullfrogs
  3 scorpions
  4 wights (D:8)
  20 killer bees
  4 howler monkeys
  2 centaur zombies (Ossuary)
  A human zombie (Ossuary)
  A gnoll bouda (D:8)
  6 hounds
  4 jellies (Lair:5)
  22 orc priests
  Crazy Yiuf (D:5)
  A sleepcap (D:6)
  5 iguanas
  26 orc wizards
  4 hound zombies (Ossuary)
  3 mummies (Ossuary)
  6 adders
  5 gnolls (D:8)
  A white imp (D:6)
  3 ufetubi
  2 adder zombies (Ossuary)
  3 worms
  2 dart slugs
  60 orcs
  8 endoplasms
  7 giant cockroaches
  7 goblins
  8 hobgoblins
  9 jackals
  12 kobolds
  3 quokkas
  7 ball pythons
  12 bats
  8 frilled lizards
  3 goblin zombies (Ossuary)
  2 hobgoblin zombies (Ossuary)
  4 jackal zombies (Ossuary)
  6 kobold zombies (Ossuary)
  2 orc zombies (Ossuary)
  7 rats
  5 rat zombies (Ossuary)
603 creatures vanquished.

Vanquished Creatures (others)
  A swamp dragon (Lair:5)
  An orc wizard (D:8)
  29 fungi
  46 plants
77 creatures vanquished.

Grand Total: 680 creatures vanquished

Notes
Turn   | Place    | Note
-------+----------+-------------------------------------------
     0 | D:1      | Maxmaps the Demonspawn Monk began the quest for the Orb.
     0 | D:1      | Reached XP level 1. HP: 18/18 MP: 1/1
   221 | D:1      | Gained mutation: You regenerate a little health from kills.
                  | [demonic ancestry]
   221 | D:1      | Reached XP level 2. HP: 23/24 MP: 2/2
   735 | D:1      | Reached skill level 1 in Armour
  1226 | D:2      | Gained mutation: You have an unusually large brain. (Int
                  | +2) [demonic ancestry]
  1226 | D:2      | Reached XP level 3. HP: 17/29 MP: 3/3
  1328 | D:2      | HP: 1/29 [worm (7)]
  1831 | D:2      | Gained mutation: You have a pair of small horns on your
                  | head. [demonic ancestry]
  1831 | D:2      | Reached XP level 4. HP: 27/35 MP: 4/4
  1911 | D:2      | Found a faded altar of an unknown god.
  2090 | D:2      | Noticed a phantom
  2102 | D:2      | Killed a phantom
  2103 | D:2      | Gained mutation: You have an extremely huge brain. (Int +4)
                  | [demonic ancestry]
  2103 | D:2      | Reached XP level 5. HP: 18/41 MP: 5/5
  2742 | D:3      | Found an iron altar of Okawaru.
  3332 | D:4      | Identified the +1 hand axe "Efoumo" {freeze, Will+}
  3480 | D:4      | Noticed a black bear
  3492 | D:4      | Killed a black bear
  3493 | D:4      | Reached XP level 6. HP: 38/49 MP: 6/6
  3636 | D:4      | Found an ornate altar of the Wu Jian Council.
  3815 | D:4      | Reached skill level 5 in Fighting
  4003 | D:4      | Found a radiant altar of Vehumet.
  4076 | D:5      | Entered Level 5 of the Dungeon
  4335 | D:5      | Gained mutation: You have a pair of horns on your head.
                  | [demonic ancestry]
  4335 | D:5      | Reached XP level 7. HP: 54/56 MP: 7/7
  4358 | D:5      | Identified the +1 leather armour "Jaek" {rC- Regen+ Str-5
                  | Dex+9}
  4367 | D:5      | Found a blossoming altar of Fedhas.
  4462 | D:5      | Found a shimmering altar of Xom.
  4493 | D:5      | Reached skill level 5 in Dodging
  4575 | D:5      | Found a sand-covered staircase.
  4580 | Ossuary  | Entered an ossuary
  4618 | Ossuary  | Reached skill level 1 in Short Blades
  4733 | Ossuary  | Reached skill level 2 in Short Blades
  4805 | Ossuary  | Reached skill level 3 in Short Blades
  5019 | D:5      | Reached skill level 4 in Short Blades
  5019 | D:5      | Gained mutation: You sometimes gain a little power by
                  | taking damage. [demonic ancestry]
  5019 | D:5      | Reached XP level 8. HP: 41/62 MP: 8/8
  5121 | D:5      | Found a runed translucent door.
  5122 | D:5      | Noticed Crazy Yiuf
  5371 | D:5      | Killed Crazy Yiuf
  5516 | D:6      | Reached skill level 5 in Armour
  6316 | D:7      | Reached XP level 9. HP: 41/66 MP: 9/9
  6584 | D:7      | Reached skill level 1 in Evocations
  6981 | D:7      | Found a staircase to the Ecumenical Temple.
  7125 | Temple   | Entered the Ecumenical Temple
  7295 | Temple   | Became a worshipper of Gozag Ym Sagoz the Greedy
  7493 | D:7      | Found a broken altar of Ashenzari.
  7675 | D:8      | Reached skill level 5 in Evocations
  7737 | D:8      | Reached XP level 10. HP: 58/74 MP: 10/10
  7752 | D:8      | Noticed a two-headed ogre
  7766 | D:8      | Killed a two-headed ogre
  7910 | D:8      | Noticed Joseph
  7923 | D:8      | Killed Joseph
  8255 | D:8      | Found a hide-covered altar of Uskayaw.
  8602 | D:9      | Noticed patfeehan111222's ghost (novice MiBe)
  8663 | D:9      | a wind drake changed into an elephant
  8663 | D:9      | Noticed an elephant (shapeshifter)
  8671 | D:9      | Found a transporter.
  8675 | D:9      | an elephant changed into a shining eye
  8675 | D:9      | Noticed a shining eye (shapeshifter)
  8682 | D:9      | a shining eye changed into a water nymph
  8682 | D:9      | Noticed a water nymph (shapeshifter)
  8715 | D:9      | Noticed a quicksilver ooze
  8860 | D:9      | Found a transporter.
  8899 | D:9      | Noticed a storm dragon
  8902 | D:9      | a storm dragon changed into a minotaur
  8902 | D:9      | Noticed a minotaur (shapeshifter)
  9246 | D:9      | Noticed a shadow dragon
  9326 | D:10     | Entered Level 10 of the Dungeon
  9435 | D:10     | Noticed Snorg
  9573 | D:9      | Killed Snorg
  9574 | D:9      | Gained mutation: You punish those that try to bend your
                  | will. (Will+) [demonic ancestry]
  9574 | D:9      | Reached XP level 11. HP: 37/89 MP: 11/11
  9907 | D:10     | You fall into a shaft and drop 2 floors!
 10038 | D:11     | Found a staircase to the Lair.
 10071 | D:11     | Reached skill level 10 in Fighting
 10175 | D:10     | Noticed a two-headed ogre
 10189 | D:10     | Killed a two-headed ogre
 10348 | D:10     | Reached skill level 5 in Short Blades
 10605 | D:10     | Found a staircase to the Orcish Mines.
 10862 | D:11     | Identified the +9 rapier of Fyock {flame, rC+ rN+ Str-2
                  | Int+3}
 10946 | D:11     | Noticed a boulder beetle
 10969 | D:11     | Killed a boulder beetle
 10971 | D:11     | Noticed a two-headed ogre
 10979 | D:11     | Reached skill level 6 in Short Blades
 11153 | D:11     | Killed a two-headed ogre
 11386 | D:11     | Reached skill level 7 in Short Blades
 11802 | D:12     | Found Pebuekk's General Store.
 11809 | D:12     | Bought a scroll of identify for 30 gold pieces
 11809 | D:12     | Bought a scroll of identify for 30 gold pieces
 11809 | D:12     | Bought a scroll of identify for 30 gold pieces
 12044 | D:12     | Noticed a boulder beetle
 12065 | D:12     | Killed a boulder beetle
 12066 | D:12     | Reached skill level 8 in Short Blades
 12714 | D:12     | Reached skill level 9 in Short Blades
 12818 | D:12     | Noticed a two-headed ogre
 12824 | D:12     | Killed a two-headed ogre
 12869 | D:12     | Noticed a two-headed ogre
 12875 | D:12     | Killed a two-headed ogre
 12876 | D:12     | Reached XP level 12. HP: 81/97 MP: 12/12
 13194 | D:12     | Reached skill level 10 in Short Blades
 13845 | Lair:1   | Entered Level 1 of the Lair of Beasts
 13845 | Lair:1   | Noticed Grum
 14005 | Lair:1   | Killed Grum
 14240 | Lair:1   | Reached skill level 11 in Short Blades
 14724 | Lair:2   | Noticed Maggie
 14736 | Lair:2   | Killed Maggie
 15159 | Lair:2   | Noticed a six-headed hydra
 15167 | Lair:2   | Killed a six-headed hydra
 15258 | Lair:2   | Reached skill level 12 in Short Blades
 15532 | Lair:2   | Found a hole to the Spider Nest.
 16098 | Lair:2   | Bought an ancient kite shield for 351 gold pieces
 16098 | Lair:2   | Identified the +3 kite shield of Hangman {Dex+2} (You
                  | bought it in a shop on level 2 of the Lair of Beasts)
 16111 | Lair:2   | Bought a scroll of identify for 48 gold pieces
 16111 | Lair:2   | Bought an embroidered cloak for 180 gold pieces
 16111 | Lair:2   | Bought a potion of might for 96 gold pieces
 16148 | Lair:2   | Reached skill level 13 in Short Blades
 16330 | Lair:3   | Noticed a death yak
 16674 | Lair:3   | Gained mutation: You regenerate health from kills. [demonic
                  | ancestry]
 16674 | Lair:3   | Reached XP level 13. HP: 103/103 MP: 13/13
 16848 | Lair:3   | Found a staircase to the Swamp.
 17090 | Lair:3   | Noticed Nergalle
 17108 | Lair:3   | Killed Nergalle
 17109 | Lair:3   | Reached skill level 14 in Short Blades
 17715 | Lair:4   | Found a runed translucent gate.
 17717 | Lair:4   | Found a runed translucent gate.
 17717 | Lair:4   | Found a runed translucent gate.
 17919 | Lair:4   | Noticed a minotaur
 17919 | Lair:4   | Noticed Avaziugi's ghost (journeyman OpTm)
 18484 | Lair:5   | Entered Level 5 of the Lair of Beasts
 18519 | Lair:5   | Found a dark tunnel.
 18534 | Volcano  | Entered a volcano
 18723 | Volcano  | Noticed an orb of fire
 19080 | Volcano  | Reached skill level 10 in Armour
 19086 | Volcano  | Noticed an orb of fire
 19527 | Lair:5   | Reached skill level 1 in Shields
 19668 | Lair:5   | Found a viscous altar of Jiyva.
 19682 | Lair:5   | Found a staircase to the Slime Pits.
 19842 | Lair:5   | Gained mutation: You sometimes gain power by taking damage.
                  | [demonic ancestry]
 19842 | Lair:5   | Reached XP level 14. HP: 99/110 MP: 14/14
 20227 | Lair:5   | Found a runed translucent door.
 20234 | Lair:5   | Reached skill level 5 in Shields
 21167 | Lair:5   | Found a runed translucent door.
 21536 | Lair:5   | Paralysed by a hornet for 1 turns
 21659 | Lair:5   | Noticed LobsterGuardian's ghost (adept NaIE)
 22260 | D:9      | Killed patfeehan111222's ghost
 22718 | Lair:5   | Killed LobsterGuardian's ghost
 22719 | Lair:5   | Reached skill level 10 in Shields
 22912 | Orc:1    | Entered Level 1 of the Orcish Mines
 23264 | Orc:1    | Found a runed translucent door.
 23265 | Orc:1    | Found a shimmering altar of Xom.
 23265 | Orc:1    | Noticed Monkooky's ghost (journeyman SpAr)
 23476 | Orc:1    | Killed Monkooky's ghost
 23880 | Orc:1    | Found a radiant altar of Vehumet.
 23955 | Orc:2    | Entered Level 2 of the Orcish Mines
 24099 | Orc:2    | Noticed Rupert
 24104 | Orc:2    | Noticed an orc warlord
 24107 | Orc:2    | Demolished by Rupert

Illustrated notes

Levels and vault maps discovered:
D:1:      wheals_arrival_linesprint, layout_basic
D:2:      layout_loops_ring, shapermc_ecumenical_altar_acropolis,
          kennysheep_small_spiral, minmay_hexomino_c4
D:3:      layout_loops_ring, okawaru_metal_pillars_3
D:4:      layout_loops_ring, mainiacjoe_overflow_cross_hatched,
          minmay_ruined_shrine
D:5:      layout_basic, mainiacjoe_overflow_alcove_4,
          mainiacjoe_overflow_concentric_impassable, enter_ossuary_5,
          grunt_ministairs_13, kennysheep_generic_room_6,
          uniq_crazy_yiuf_cottage
D:6:      layout_cave_pods
D:7:      layout_cave_pods, mainiacjoe_overflow_alcove_2,
          minmay_temple_entry_overgrown
D:8:      layout_rooms, chequers_temple_overflow_statue_of_worship,
          minmay_sticks_and_stones
D:9:      layout_basic, mainiacjoe_overflow_24_doors, gammafunk_ghost_arena
D:10:     layout_basic, hiddenorc1_lemuel, uniq_snorg
D:11:     layout_roguey, david_lair_generic, minivault_4
D:12:     layout_stronghold, serial_shops, shop_fountains
Temple:   nicolae_temple_two_arcs
Lair:1:   layout_roguey, basic_altar, dreamdust_mushroom_princess,
          serial_bayou_shore_b, serial_bayou_shore_b, infiniplex_staircase_pool,
          uniq_grum
Lair:2:   layout_cave_pods, spider_nest_entry_funnel_web, uniq_maggie
Lair:3:   layout_long_grid, skrybe_swamp_entry_bodies, fungi_pond_lemuel,
          small_statue_intersection, uniq_nergalle
Lair:4:   layout_regular_city, maelrawn_ghost_gauntlet_escape,
          chequers_serial_rivers_marsh, serial_bayou_shore_a
Lair:5:   guppyfry_lair_end_dragon, layout_regular_city, wormcave,
          nicolae_slime_entry_field_trip, nicolae_volcano_entry_lava_flow,
          ebering_ghost_inner_flame, lemuel_fruit_tree
Orc:1:    layout_caves, ebering_ghost_xom, lemuel_statue_altar
Orc:2:    st_orc_elflike, layout_diamond_mine, hangedman_feature_mirror,
          uniq_rupert

Skill      XL: |  1  2  3  4  5  6  7  8  9 10 11 12 13 14 |
---------------+-------------------------------------------+-----
Unarmed Combat | 3 |  3.0
Dodging        | 3 5 6 8 |  8.3
Armour         | 1 3 4 6 10 | 10.2
Fighting       | 4 5 9 10 | 10.3
Short Blades   | 4 9 13 14 | 14.0
Evocations     | 6 8 |  8.2
Shields        | 4 10 | 10.9
Stealth        | |  1.7

Action                     |  1- 3 |  4- 6 |  7- 9 | 10-12 | 13-15 || total
---------------------------+-------+-------+-------+-------+-------++-------
  Melee: Unarmed           |    21 |       |       |       |       ||    21
         Spear             |   185 |    26 |       |       |       ||   211
         Punch             |     1 |     4 |    17 |    17 |       ||    39
         Headbutt          |       |    25 |   122 |   224 |   271 ||   642
         Short sword       |       |   143 |   466 |   464 |       ||  1073
         Rapier            |       |       |       |   404 |   983 ||  1387
 Invoke: Call Merchant     |       |       |       |     2 |       ||     2
  Evoke: Wand              |       |       |       |    10 |    18 ||    28
    Use: Scroll            |       |    12 |     8 |    15 |     5 ||    40
         Potion            |       |       |     1 |     3 |    12 ||    16
   Stab: Sleeping          |     7 |     2 |     2 |     1 |     2 ||    14
         Distracted        |       |       |       |     4 |    10 ||    14
 Armour: Robe              |    44 |       |       |       |       ||    44
         Ring mail         |     3 |    71 |   202 |   230 |       ||   506
         Acid dragon scale |       |       |       |    66 |   135 ||   201
  Dodge: Dodged            |   107 |    97 |   415 |   816 |   419 ||  1854
  Block: Kite shield       |       |       |       |    35 |   451 ||   486

Table legend: (Time is in decaauts)
 A = Elapsed time spent in this place.
 B = Non-inter-level travel time spent in this place.
 C = Inter-level travel time spent in this place.
 D = Time resting spent in this place.
 E = Time spent auto-exploring this place.
 F = Levels seen in this place.
 G = Mean time per level.
                   A        B        C        D        E       F      G
               +--------+--------+--------+--------+--------+-----+--------+
         Total |  23616 |  22121 |   1495 |   3608 |  13593 |  22 | 1073.5 |
       Dungeon |  13845 |  12797 |   1048 |   2077 |   8103 |  12 | 1153.8 |
        Temple |    178 |    178 |      0 |      0 |    156 |   1 |  178.0 |
          Lair |   7350 |   6905 |    445 |   1306 |   3925 |   5 | 1470.0 |
  Orcish Mines |   1122 |   1122 |      0 |     26 |    830 |   2 |  561.0 |
       Ossuary |    331 |    331 |      0 |      0 |    167 |   1 |  331.0 |
       Volcano |    785 |    785 |      0 |    199 |    412 |   1 |  785.0 |
               +--------+--------+--------+--------+--------+-----+--------+

Top non-repeatable levels by time:
  Lair:5: 2734 daAuts
    D:12: 2043 daAuts
    D:11: 1593 daAuts
  Lair:3: 1415 daAuts
  Lair:2: 1401 daAuts
     D:9: 1400 daAuts
     D:2: 1245 daAuts
     D:1: 1217 daAuts
     D:5: 1057 daAuts
     D:7: 1027 daAuts
  Lair:4: 994 daAuts
   Orc:1: 990 daAuts
     D:6: 961 daAuts
     D:4: 939 daAuts
    D:10: 866 daAuts
